 Dungeon Crawl Stone Soup version 0.22-a0-149-g870e420 (webtiles) character file.

132 Amnesiac the Sneak (level 4, 0/30 HPs)
             Began as a Mummy Earth Elementalist on Feb 7, 2018.
             Slain by Sigmund
             ... wielding a +0 scythe
              (14 damage)
             ... on level 3 of the Dungeon.
             The game lasted 00:03:34 (2375 turns).

Amnesiac the Sneak (Mummy Earth Elementalist)       Turns: 2375, Time: 00:03:35

Health: 0/30       AC:  3    Str: 11    XL:     4   Next: 92%
Magic:  8/8        EV: 12    Int: 15    God:
Gold:   114        SH:  0    Dex: 12    Spells: 5/8 levels left

rFire    x . .     SeeInvis .   k - +0 short sword (venom)
rCold    + . .     Gourm    .   (no shield)
rNeg     + + +     Faith    .   c - +0 robe
rPois    ∞         Spirit   .   (no helmet)
rElec    .         Reflect  .   (no cloak)
rCorr    .         Harm     .   f - +0 pair of gloves
MR       .....                  (no boots)
Stlth    ++........             (no amulet)
HPRegen  0.10/turn              (no ring)
MPRegen  0.11/turn              (no ring)

@: no status effects
A: no food or potions, fire vulnerability, cold resistance 1, negative energy
resistance 3, torment resistance, unbreathing
a: no special abilities


You were on level 3 of the Dungeon.
You were not hungry.

You visited 1 branch of the dungeon, and saw 3 of its levels.

You collected 114 gold pieces.

Inventory:

Hand Weapons
 g - a +0 hunting sling
 k - a +0 short sword of venom (weapon)
Missiles
 b - 112 stones (quivered)
Armour
 c - a +0 robe (worn)
 f - a +0 pair of gloves (worn)
Wands
 a - a wand of iceblast (9)
 p - a wand of enslavement (10)
Scrolls
 e - a scroll of blinking {!r, unknown}
 h - a scroll of remove curse {!r, unknown}
 i - a scroll of enchant armour {!r, unknown}
 j - 2 scrolls of teleportation {!r, unknown}
 l - a scroll of amnesia {!r, unknown}
 m - a scroll of magic mapping {!r, unknown}
 n - a scroll of immolation {!r, unknown}
 o - 2 scrolls of fog {!r, unknown}
Books
 d - a book of Geomancy

   Spells                             Type                      Level
   a - Sandblast                      Earth                        1
   b - Passwall                       Transmutation/Earth          2
   c - Stone Arrow                    Conjuration/Earth            3
   d - Petrify                        Transmutation/Earth          4
   e - Lee's Rapid Deconstruction     Earth                        5


   Skills:
 - Level 2.0 Short Blades
 - Level 1.5 Dodging
 + Level 3.3 Stealth
 + Level 2.9 Spellcasting
 - Level 1.0 Transmutations
 * Level 2.8 Earth Magic


You had 5 spell levels left.
You knew the following spells:

 Your Spells              Type           Power        Failure   Level  Hunger
a - Sandblast             Erth           ##....       6%          1    N/A
b - Passwall              Tmut/Erth      #.........   14%         2    N/A

Dungeon Overview and Level Annotations

Branches:
Dungeon (3/15)

Altars:
Fedhas
Hepliaklqana
Kikubaaqudgha

Annotations:
D:3 Sigmund


Innate Abilities, Weirdness & Mutations

You do not eat or drink.
Your flesh is vulnerable to fire.
You are immune to poison.
Your flesh is cold resistant. (rC+)
You are immune to negative energy. (rN+++)
You are immune to unholy pain and torment.
You can survive without breathing.


Message History

No target in view!
No target in view!
No target in view!
No target in view!
b - 111 stones (gained 1)
b - 112 stones (gained 1)
You see here a sapphire potion {!q}.
A kobold comes into view. It is wielding a club.
The kobold shouts!
The kobold unwields an uncursed club.
The kobold wields a blowgun.
The kobold shoots a poisoned needle.
The poisoned needle hits you.
You see here a poisoned needle.
The kobold shoots a poisoned needle.
The poisoned needle completely misses you.
A kobold is nearby!
There are monsters nearby!
The kobold shoots a poisoned needle.
The poisoned needle misses you.
The kobold shouts!
You hear a shout!
The kobold shoots a poisoned needle.
The poisoned needle barely misses you.
A hobgoblin comes into view. It is wielding a club.
The kobold barely misses you.
The kobold unwields an uncursed blowgun.
The kobold wields an uncursed club.
The kobold barely misses you.
You closely miss the kobold. The kobold misses you. Sigmund barely misses you.
The kobold unwields an uncursed club.
The kobold wields an uncursed blowgun.
The kobold shoots a poisoned needle.
The poisoned needle misses you. The kobold closely misses you.
You hit the kobold.
The kobold is severely wounded.
Sigmund casts a spell.
Sigmund flickers and vanishes!
Deactivating autopickup; reactivate with Ctrl-A.
The kobold hits you but does no damage.
A bat comes into view.
The hobgoblin closely misses you.
You see here a stone.
Wear which item? (? for menu, Esc to quit)
Okay, then.
You closely miss the hobgoblin. The hobgoblin closely misses you.
You hit the hobgoblin.
The hobgoblin is poisoned.
The hobgoblin is almost dead.
The hobgoblin hits you with a club.
You barely miss the hobgoblin.
The hobgoblin is almost dead.
The hobgoblin hits you but does no damage.
You kill the hobgoblin!
You barely miss the kobold.
The kobold is severely wounded.
The kobold hits you but does no damage.
You hit the kobold but do no damage.
The kobold is poisoned.
The kobold is severely wounded.
Something hits you. The kobold hits you but does no damage.
The kobold closely misses you. Something hits you!
* * * LOW HITPOINT WARNING * * *
The kobold closely misses you.
You hit the kobold but do no damage.
The kobold is severely wounded.
Something barely misses you. The kobold barely misses you.
You hit the kobold.
You kill the kobold!
The kobold shoots a poisoned needle.
Something hits you!
You die...

...!# .P..# ## _...######## .#
.P.......... ..#### .....#######
###. #..####### .(..###...# #..
#..#.....# ...(# #...#
#.####....##..# ....# #...#
#####.#.....####.## ....###...#
#.K(@.......####.####
..........###.####.<..###........
.....##....K(.####...## #!.).....
...{.##..K##.##.(...## #........
...#.##...##.....#### #......).
.#.%......#(..<..#### #........
.##.................# #........
.#.....#............# #........
.........#..........# #.....†##


You could see a kobold.

Vanquished Creatures
  Jessica (D:2)
  Ijyb (D:2)
  2 adders
  A worm (D:2)
  3 dart slugs
  A leopard gecko (D:2)
  A ball python (D:1)
  A bat zombie (D:2)
  3 giant cockroaches
  5 goblins
  8 hobgoblins
  7 kobolds
  A quokka (D:2)
  10 bats
  4 frilled lizards
  3 rats
  A rat zombie (D:2)
53 creatures vanquished.

Notes
Turn   | Place    | Note
-------+----------+-------------------------------------------
     0 | D:1      | Amnesiac the Mummy Earth Elementalist began the quest for the Orb.
     0 | D:1      | Reached XP level 1. HP: 13/13 MP: 4/4
   272 | D:1      | Reached skill level 2 in Stealth
   367 | D:1      | Reached XP level 2. HP: 17/19 MP: 2/5
   402 | D:1      | Learned a level 2 spell: Passwall
   726 | D:1      | Reached skill level 1 in Short Blades
  1232 | D:2      | Reached XP level 3. HP: 6/24 MP: 5/7
  1614 | D:2      | Found an ancient bone altar of Kikubaaqudgha.
  1768 | D:2      | Noticed Jessica
  1777 | D:2      | Killed Jessica
  1777 | D:2      | Reached XP level 4. HP: 21/30 MP: 0/8
  1903 | D:2      | Found a hazy altar of Hepliaklqana.
  2018 | D:3      | Noticed Ijyb
  2030 | D:2      | Killed Ijyb
  2030 | D:2      | Reached skill level 3 in Stealth
  2279 | D:3      | Noticed Sigmund
  2321 | D:3      | Found a blossoming altar of Fedhas.
  2325 | D:3      | Reached skill level 1 in Transmutations
  2375 | D:3      | Slain by Sigmund

Vault maps used:
D:1:      lightli_arrival_windingriver, minmay_misc_feat_doors
D:2:      lemuel_zombie_altar_kikubaaqudgha, old_standard_altar,
          kennysheep_jessica_study
D:3:      nrook_uturn, grunt_ministairs_15, fedhas_altar_1, uniq_robin,
          uniq_sigmund, uniq_ijyb

Skill      XL: |  1  2  3  4 |
---------------+-------------+-----
Stealth        | 2 3 |  3.3
Short Blades   | 1 2 |  2.0
Transmutations | 1 |  1.0
Dodging        | |  1.5
Spellcasting   | |  2.9
Earth Magic    | |  2.8

Action                   |  1- 3 |  4- 6 || total
-------------------------+-------+-------++-------
Melee: Unarmed           |     5 |       ||     5
       Dagger            |    46 |       ||    46
       Short sword       |    21 |    59 ||    80
 Fire: Hunting sling     |    21 |       ||    21
 Cast: Sandblast         |    20 |     1 ||    21
 Stab: Sleeping          |     2 |     4 ||     6
Armor: Robe              |    26 |    17 ||    43
Dodge: Dodged            |    42 |    51 ||    93

Table legend:
 A = Spawn XP
 B = Non-spawn XP
 C = Spawn XP percentage of total XP
 D = Spawn monster count
 E = Non-spawn monster count
 F = Spawn count percentage of total count
 G = Total turns spent on level
                    A         B        C        D         E        F      G
               +---------+---------+-------+---------+---------+-------+---------
         Total |       0 |     189 |   0.0 |       0 |      53 |   0.0 |  2375
               +---------+---------+-------+---------+---------+-------+---------
           D:1 |       0 |      33 |   0.0 |       0 |      19 |   0.0 |  1152
           D:2 |       0 |     120 |   0.0 |       0 |      20 |   0.0 |   954
           D:3 |       0 |      36 |   0.0 |       0 |      14 |   0.0 |   269
               +---------+---------+-------+---------+---------+-------+---------
